Map: Oxide LE

Players

DnS

  • Race: Protoss Protoss
  • League: Master

Kas - Winner!

  • Race: Terran Terran
  • League: Grandmaster

Event: DreamHack SC2 Masters 2021 Summer

VOD

Have the link to the VOD?

Description

Time

  • Played on: May 30, 2021, 1:31 p.m.
  • Length: 25:18

All games in this series

Show
View Real Time Build Order
Export as new Build Order

DnS Protoss 

Build Orders: 1 Gate Expand, Oracle Opening, Phoenix Opening 

Get SALT Encoding   

  12  0:00  Probe  
  13  0:12  Probe  
  14  0:17  Pylon  
  14  0:24  Probe (Chrono Boost)  
  15  0:36  Probe (Chrono Boost)  
  15  0:37  Gateway  
  16  0:44  Probe (Chrono Boost)  
  16  0:46  Assimilator  
  17  0:51  Probe  
  18  1:03  Probe  
  19  1:15  Probe  
  20  1:24  Cybernetics Core  
  20  1:33  Nexus  
  20  1:37  Probe  
  21  1:44  Pylon  
  21  1:49  Probe  
  21  1:57  Assimilator  
  21  1:59  Adept (Chrono Boost)  
  21  2:01  Probe  
  24  2:13  Probe  
  25  2:19  Stargate  
  25  2:23  Adept (Chrono Boost)  
  25  2:25  Probe  
  28  2:39  Warp Gate  
  28  2:40  Probe (Chrono Boost)  
  29  2:45  Probe (Chrono Boost)  
  29  2:46  Adept  
  33  2:55  Probe (Chrono Boost)  
  33  2:58  Probe (Chrono Boost)  
  33  3:02  Probe  
  37  3:09  Probe  
  37  3:10  Oracle (Chrono Boost)  
  36  3:14  Probe  
  36  3:18  Gateway  
  40  3:21  Probe, Pylon  
  40  3:26  Probe  
  42  3:33  Probe  
  43  3:38  Probe  
  43  3:40  Phoenix  
  46  3:45  Probe  
  47  3:50  Probe  
  47  3:55  Pylon  
  48  3:58  Probe  
  48  3:59  Nexus  
  49  4:09  Phoenix (Chrono Boost)  
  46  4:27  Adept x2  
  44  4:32  Probe  
  44  4:35  Probe  
  42  4:41  Pylon  
  42  4:45  Pylon  
  42  4:47  Probe x2 (Chrono Boost)  
  43  4:57  Probe x2 (Chrono Boost)  
  43  4:59  Phoenix  
  47  5:04  Probe x2 (Chrono Boost)  
  49  5:12  Probe (Chrono Boost)  
  52  5:17  Probe (Chrono Boost)  
  52  5:19  Probe (Chrono Boost)  
  53  5:22  Probe (Chrono Boost)  
  53  5:25  Probe (Chrono Boost)  
  53  5:27  Phoenix (Chrono Boost)  
  56  5:28  Probe  
  56  5:29  Probe  
  56  5:34  Stalker x2  
  62  5:37  Probe  
  62  5:42  Probe x2  
  65  5:49  Probe  
  66  5:53  Shield Battery  
  66  6:00  Phoenix, Stalker x2  
  70  6:04  Probe x3  
  73  6:16  Probe x2  
  75  6:23  Probe  
  75  6:25  Phoenix (Chrono Boost)  
  76  6:28  Probe  
  76  6:29  Probe  
  76  6:30  Twilight Council  
  76  6:32  Forge  
  78  6:34  Pylon  
  78  6:35  Probe, Assimilator  
  78  6:38  Pylon  
  79  6:40  Probe  
  79  6:41  Probe  
  81  6:47  Probe  
  81  6:51  Phoenix, Pylon, Protoss Ground Armor Level 1 (Chrono Boost)  
  81  6:53  Probe, Charge (Chrono Boost)  
  85  6:54  Probe  
  85  6:59  Probe  
  87  7:05  Probe  
  89  7:08  Probe  
  89  7:11  Probe, Gateway  
  89  7:13  Gateway  
  89  7:14  Gateway  
  90  7:17  Probe  
  90  7:20  Gateway  
  90  7:21  Gateway  
  91  7:34  Phoenix  
  91  7:37  Zealot x2  
  93  7:40  Probe x2, Photon Cannon  
  93  7:41  Assimilator  
  94  7:44  Gateway  
  94  7:49  Pylon  
  94  7:51  Pylon  
  94  7:59  Phoenix  
  94  8:03  Zealot x2  
  94  8:04  Probe x2  
  102  8:09  Zealot x3  
  104  8:16  Sentry  
  104  8:17  Templar Archives, Zealot  
  104  8:19  Pylon  
  108  8:20  Pylon  
  108  8:25  Zealot x2  
  112  8:32  Zealot x3  
  118  8:41  Zealot x3  
  122  8:44  Phoenix  
  126  8:48  Zealot x2  
  126  8:52  Zealot  
  126  8:53  Zealot x2  
  136  9:02  Zealot x3  
  128  9:04  Protoss Ground Armor Level 2 (Chrono Boost)  
  128  9:08  Phoenix (Chrono Boost)  
  128  9:09  Zealot x2  
  92  9:19  Zealot x3  
  92  9:20  Probe  
  92  9:21  Probe  
  96  9:24  High Templar, Phoenix (Chrono Boost)  
  96  9:25  High Templar, Zealot  
  96  9:27  Assimilator  
  96  9:29  Archon  
  104  9:34  Robotics Facility  
  104  9:37  Assimilator  
  104  9:41  Zealot x5  
  114  9:47  Nexus  
  114  9:52  Blink  
  114  9:55  Phoenix (Chrono Boost)  
  116  10:04  Zealot x2, Pylon  
  120  10:18  Phoenix (Chrono Boost)  
  120  10:19  Zealot x3  
  120  10:20  High Templar x2  
  132  10:22  Probe x3  
  132  10:25  Archon  
  133  10:30  Pylon  
  133  10:38  Robotics Bay  
  133  10:42  Zealot x6  
  145  10:47  Phoenix  
  147  10:50  Observer (Chrono Boost)  
  147  10:52  Robotics Facility  
  146  11:05  Zealot x4  
  146  11:06  Zealot x3  
  160  11:12  Forge  
  160  11:13  Pylon  
  160  11:15  Pylon  
  146  11:27  Phoenix  
  142  11:33  Zealot x6  
  146  11:43  Colossus (Chrono Boost)  
  146  11:44  Colossus (Chrono Boost)  
  147  11:50  Protoss Ground Weapons Level 1 (Chrono Boost)  
  153  12:00  Protoss Ground Armor Level 3 (Chrono Boost)  
  153  12:06  Extended Thermal Lance  
  153  12:08  Sentry  
  155  12:11  Nexus  
  155  12:16  Pylon  
  155  12:19  Zealot  
  155  12:20  Zealot  
  159  12:37  Colossus (Chrono Boost)  
  159  12:38  Observer (Chrono Boost)  
  159  12:44  Zealot x6  
  173  12:54  Pylon  
  173  12:55  Pylon x2  
  163  13:06  Probe x2  
  163  13:12  Disruptor  
  166  13:21  High Templar x3  
  166  13:22  High Templar  
  166  13:23  Disruptor, Zealot x3  
  183  13:27  Archon  
  183  13:28  Cybernetics Core  
  183  13:41  Photon Cannon  
  183  13:44  Gateway  
  183  13:46  Gateway x2  
  183  13:52  Archon  
  183  13:58  Observer, Zealot x7  
  129  14:24  High Templar x5  
  131  14:25  High Templar, Disruptor x2 (Chrono Boost)  
  131  14:30  Archon x2  
  129  14:39  Archon  
  116  14:57  Stalker x7  
  116  14:58  Disruptor x2 (Chrono Boost), Zealot x2  
  116  14:59  Zealot  
  136  15:07  Nexus  
  136  15:08  Protoss Ground Weapons Level 2 (Chrono Boost)  
  136  15:10  Pylon  
  136  15:22  Zealot x2  
  136  15:25  High Templar x2, Zealot  
  136  15:26  Zealot x2  
  150  15:29  Archon  
  148  15:38  Stalker x3  
  152  15:56  Zealot x4  
  160  15:58  Shield Battery  
  154  16:05  Disruptor (Chrono Boost)  
  154  16:08  Observer (Chrono Boost)  
  154  16:10  Zealot x3  
  154  16:11  Zealot x3  
  138  16:31  Disruptor (Chrono Boost)  
  135  16:34  Zealot  
  135  16:35  Zealot x6  
  149  16:47  Disruptor (Chrono Boost)  
  148  17:05  Zealot x4, Stalker x6  
  146  17:33  Colossus x2 (Chrono Boost), Nexus  
  158  17:41  High Templar x2  
  162  17:45  Pylon  
  162  17:46  Archon  
  162  17:53  Stalker x2  
  162  17:56  Adept  
  168  18:02  Protoss Ground Weapons Level 3 (Chrono Boost)  
  168  18:09  Zealot x3  
  168  18:24  Zealot x5  
  176  18:39  Stalker x4  
  164  19:00  Stalker x3  
  164  19:01  Immortal (Chrono Boost), Stalker  
  164  19:05  Immortal (Chrono Boost)  
  172  19:22  Stalker  
  172  19:23  Zealot x2, Stalker x2  
  178  19:48  Zealot x7  
  178  19:49  Zealot x3  
  192  20:06  Nexus  
  190  20:12  Zealot x3, Stalker x2  
  190  20:33  Stalker x7  
  172  20:40  Zealot x2  
  105  21:02  Stalker x7  
  113  21:10  Zealot x3  
  111  21:27  High Templar x2, Zealot x5  
  111  21:32  Archon  
  125  21:34  Probe (Chrono Boost)  
  126  21:40  Disruptor x2 (Chrono Boost)  
  126  21:43  Probe (Chrono Boost)  
  133  21:51  Assimilator  
  133  21:52  Probe x3  
  133  21:53  Assimilator  
  136  21:55  Probe x3  
  136  22:01  Stalker x2  
  142  22:04  Zealot  
  143  22:22  Zealot x3, Stalker x2  
  151  22:30  Pylon  
  151  22:31  Stalker  
  151  22:32  Zealot x2  
  157  22:41  Probe  
  157  22:43  Probe  
  159  22:46  Assimilator  
  159  22:50  Zealot x6  
  159  22:51  Zealot  
  159  23:06  High Templar x2  
  159  23:07  Zealot  
  159  23:11  Archon  
  165  23:19  Zealot x2  
  164  23:20  Zealot x3  
  143  24:14  High Templar x2  
  141  24:18  Archon  
  110  24:34  Stalker  
  110  24:35  Zealot x3  
Show
View Real Time Build Order
Export as new Build Order

Kas Terran - Winner!

Build Orders:  

Get SALT Encoding   

  12  0:00  SCV  
  13  0:12  SCV  
  14  0:16  Supply Depot  
  14  0:24  SCV  
  15  0:38  SCV  
  15  0:40  Barracks  
  16  0:43  Refinery  
  16  0:50  SCV  
  17  1:02  SCV  
  18  1:14  SCV  
  19  1:27  Marine  
  19  1:28  Orbital Command  
  20  1:42  Command Center  
  20  1:53  Factory  
  20  1:57  SCV  
  21  2:04  Barracks Reactor  
  21  2:09  SCV, Supply Depot  
  22  2:15  Refinery  
  22  2:21  SCV  
  23  2:33  SCV  
  24  2:42  Starport  
  24  2:43  Hellion x2  
  28  2:45  SCV  
  29  2:54  Orbital Command  
  29  2:57  SCV  
  29  3:07  Widow Mine x2  
  29  3:09  SCV  
  34  3:18  Medivac  
  36  3:20  SCV  
  36  3:21  SCV  
  36  3:23  Reaper  
  39  3:29  Hellion  
  39  3:30  Hellion  
  39  3:32  SCV  
  44  3:35  Supply Depot  
  44  3:39  SCV  
  45  3:44  SCV  
  46  3:49  Supply Depot  
  46  3:56  SCV x2, Starport Tech Lab  
  46  4:02  Factory Tech Lab  
  48  4:04  Marine x2  
  48  4:07  Viking  
  48  4:08  SCV  
  48  4:09  SCV  
  48  4:20  SCV  
  48  4:21  SCV  
  48  4:23  Cyclone  
  52  4:24  Marine  
  52  4:30  Marine  
  52  4:33  SCV  
  52  4:37  SCV  
  50  4:39  Viking  
  50  4:42  Marine  
  50  4:45  SCV  
  47  4:49  SCV, Marine  
  49  4:55  Cyclone  
  49  4:57  SCV  
  53  5:00  Marine  
  53  5:02  SCV, Command Center  
  53  5:07  Supply Depot  
  55  5:09  SCV  
  55  5:11  Viking  
  55  5:14  SCV, Supply Depot  
  57  5:26  Marine x2  
  59  5:35  SCV  
  63  5:36  SCV  
  63  5:38  Siege Tank  
  64  5:44  Marine  
  64  5:45  Starport Tech Lab, Engineering Bay  
  64  5:47  SCV  
  64  5:48  SCV  
  64  5:49  Marine  
  68  5:50  Barracks  
  68  5:51  Barracks  
  68  5:53  Supply Depot  
  68  5:59  SCV  
  68  6:00  SCV  
  68  6:02  Marine  
  69  6:06  Refinery  
  69  6:07  Refinery, Marine  
  70  6:11  SCV  
  70  6:12  SCV  
  70  6:14  Siege Tank  
  70  6:15  Starport Reactor  
  70  6:16  Orbital Command  
  75  6:19  Marine  
  75  6:23  SCV  
  75  6:24  SCV  
  75  6:25  Marine  
  76  6:27  Supply Depot  
  76  6:28  Terran Infantry Weapons Level 1  
  76  6:35  SCV  
  76  6:36  SCV  
  76  6:37  Marine  
  76  6:38  Barracks Tech Lab  
  76  6:39  Orbital Command  
  79  6:46  Stimpack  
  79  6:47  SCV, Marauder, Missile Turret  
  79  6:48  SCV, Siege Tank  
  79  6:52  Missile Turret  
  79  6:54  Marine  
  86  6:55  Marine  
  86  6:57  Combat Shield  
  86  6:58  Marauder  
  86  7:00  SCV x2  
  92  7:05  SCV  
  93  7:10  Marauder, Medivac  
  93  7:12  SCV  
  93  7:13  SCV  
  99  7:17  SCV  
  99  7:18  Supply Depot x2  
  99  7:19  Marauder, Supply Depot  
  99  7:21  Siege Tank  
  99  7:22  Marine x2  
  107  7:24  SCV  
  107  7:25  SCV  
  107  7:29  SCV, Missile Turret  
  109  7:40  SCV x2, Marauder, Supply Depot  
  109  7:41  Marauder  
  115  7:45  Medivac x2  
  115  7:48  SCV, Barracks  
  115  7:50  Barracks  
  120  7:52  SCV  
  120  7:53  Refinery  
  120  7:55  SCV  
  120  7:56  Refinery  
  122  7:59  Marine x2  
  122  8:00  SCV  
  122  8:01  Marauder  
  122  8:03  Ghost Academy  
  127  8:08  Supply Depot  
  127  8:09  Factory Reactor  
  127  8:15  SCV x2, Marauder  
  127  8:16  SCV  
  127  8:17  Marine x2, Medivac  
  127  8:18  Medivac  
  138  8:23  Marauder  
  140  8:27  SCV  
  140  8:29  SCV  
  140  8:30  SCV  
  140  8:44  Marauder, Marine  
  139  8:49  Marauder, Marine  
  139  8:50  Barracks Tech Lab  
  139  8:51  SCV  
  139  8:52  Medivac x2  
  139  8:53  Widow Mine  
  149  8:59  SCV  
  149  9:00  Widow Mine  
  144  9:05  Marauder  
  144  9:06  Marauder, Marine  
  144  9:07  Marine  
  128  9:11  Marauder  
  128  9:12  Marauder  
  128  9:13  SCV  
  122  9:18  Armory  
  122  9:20  Engineering Bay, Command Center  
  122  9:23  SCV  
  108  9:24  Marine  
  108  9:25  SCV, Marine  
  108  9:26  Bunker, Marine  
  108  9:28  Marauder  
  108  9:30  Terran Infantry Armor Level 1  
  112  9:34  Widow Mine x2, Medivac x2  
  112  9:37  Ghost  
  123  9:41  Marauder  
  123  9:43  Ghost, Marine x2  
  128  9:48  Ghost  
  130  9:53  Barracks  
  130  9:55  Widow Mine x2, Barracks x2  
  130  9:58  Sensor Tower  
  130  9:59  Supply Depot  
  134  10:00  SCV, Supply Depot  
  135  10:10  Missile Turret  
  135  10:12  Missile Turret  
  129  10:14  Ghost x2  
  129  10:16  Marauder  
  129  10:17  Widow Mine x2, Marine x2  
  129  10:18  Marauder  
  143  10:25  Missile Turret  
  143  10:27  Concussive Shells  
  143  10:31  Viking x2  
  147  10:35  Terran Infantry Weapons Level 2  
  147  10:37  Marauder  
  148  10:45  Marauder x3  
  148  10:46  Barracks Tech Lab, Missile Turret  
  148  10:49  Barracks Tech Lab  
  154  10:59  Marauder, Marine x2  
  152  11:06  Marauder  
  152  11:07  Marauder x2, Marine  
  152  11:08  Marauder x2  
  162  11:15  Planetary Fortress  
  162  11:20  Marine x3  
  162  11:21  Marauder, Medivac  
  166  11:28  Marauder  
  152  11:34  Marauder  
  152  11:38  Marauder, Marine x2  
  152  11:39  Marauder  
  151  11:42  Marine x2  
  151  11:43  Marauder, Marine, Medivac  
  146  11:48  Marine  
  146  11:51  Medivac  
  149  11:55  Marauder, Factory Reactor  
  149  11:56  SCV x3, Marine x2  
  149  11:57  SCV  
  149  12:00  Terran Infantry Armor Level 2, Marauder x2, Marine x2  
  163  12:01  Marauder  
  163  12:03  Terran Ship Weapons Level 1  
  163  12:05  Refinery  
  163  12:07  Marauder  
  163  12:08  SCV  
  166  12:13  Marauder  
  166  12:14  Marine x2  
  170  12:16  Marauder  
  170  12:21  Marauder, Marine x2  
  170  12:22  Marauder x2  
  180  12:45  Starport  
  180  12:49  Marine  
  180  12:51  Marine  
  180  12:54  Marauder  
  179  12:59  Widow Mine, Marauder  
  179  13:00  Widow Mine  
  179  13:01  Marauder  
  179  13:03  Marauder  
  179  13:06  Marauder  
  179  13:09  Supply Depot  
  179  13:11  Supply Depot x2  
  179  13:13  Command Center  
  179  13:15  Viking  
  179  13:21  Refinery  
  179  13:24  Command Center  
  179  13:28  Ghost  
  179  13:30  Ghost x2  
  179  13:31  Marauder, Viking  
  179  13:33  Marauder  
  189  13:39  Viking x2  
  191  13:43  Ghost  
  191  13:44  Enhanced Shockwaves  
  191  13:45  Terran Infantry Weapons Level 3, Viking  
  195  13:48  Marine  
  195  13:49  Marine x2  
  195  13:53  Marauder  
  171  14:06  Marauder x4, Marine x3  
  171  14:07  Marine, Viking  
  171  14:09  Viking  
  142  14:13  Marauder, Marine  
  142  14:14  Medivac  
  142  14:15  Medivac  
  132  14:24  Marine x2  
  132  14:27  Marauder x2  
  132  14:28  Marauder  
  138  14:37  Medivac, Missile Turret  
  140  14:38  Marauder x2, Marine x3  
  140  14:41  Marine, Viking  
  140  14:43  Viking  
  124  14:52  Marine  
  124  14:53  Marauder x2  
  124  14:56  Marauder, Marine x2  
  124  14:57  Marauder, Viking  
  124  14:59  Marine  
  134  15:00  Marauder, Marine  
  134  15:01  Planetary Fortress  
  134  15:02  SCV x2  
  134  15:03  Orbital Command  
  134  15:04  SCV x2  
  141  15:10  Marine  
  141  15:11  Terran Ship Weapons Level 2  
  141  15:13  Ghost x2  
  141  15:14  Marine x2  
  144  15:17  Ghost x2, Viking  
  144  15:18  Marine  
  144  15:21  Marauder  
  157  15:26  Viking x2  
  161  15:31  Viking  
  161  15:33  Marauder  
  165  15:42  Marauder  
  166  15:44  Marauder x2  
  166  15:53  Marauder, Marine  
  166  15:54  Marauder  
  168  15:57  Marauder  
  168  15:58  Marine x3  
  168  16:03  Marauder  
  175  16:05  Marauder x2  
  179  16:12  Terran Infantry Armor Level 3  
  179  16:15  Marauder x2  
  181  16:19  Marauder  
  181  16:25  Marauder  
  173  16:29  Marauder  
  164  16:34  Liberator x2  
  164  16:35  Liberator  
  164  16:36  Marauder x2, Marine x2, Medivac  
  164  16:37  Marine x3  
  184  16:40  Marauder  
  184  16:42  Sensor Tower  
  184  16:46  Marauder  
  188  16:47  Refinery  
  188  16:48  Refinery  
  188  16:50  Marine, Command Center  
  187  16:54  Bunker, Marine  
  187  16:55  Marauder  
  187  16:58  Marauder  
  187  17:00  Marauder  
  193  17:01  Marine  
  193  17:02  Marauder  
  193  17:08  Marauder  
  192  17:36  Liberator x2  
  196  17:37  Liberator  
  194  17:53  Liberator  
  194  17:55  Terran Ship Weapons Level 3  
  191  18:21  Marauder  
  190  18:27  Command Center  
  179  18:42  Liberator x4  
  182  19:11  Ghost x2  
  182  19:13  Ghost  
  182  19:14  Ghost  
  182  19:15  Marauder x2, Marine x2  
  196  19:22  Command Center  
  196  19:25  Liberator  
  190  19:49  Marauder x3  
  190  19:51  Ghost  
  190  19:52  Planetary Fortress  
  198  19:53  Missile Turret  
  195  20:05  Liberator  
  198  20:23  Fusion Core  
  196  20:32  Terran Vehicle And Ship Armor Level 1  
  196  20:35  Liberator x3  
  195  20:36  Ghost x2  
  117  21:00  Marauder x4, Marine x4  
  117  21:02  Medivac  
  118  21:05  Marauder x2  
  122  21:17  Marine  
  122  21:18  Marine x3, Medivac x2  
  125  21:21  Marauder x4  
  125  21:22  SCV  
  125  21:24  SCV  
  122  21:26  Marauder  
  122  21:27  Marauder  
  126  21:35  Marine x4, Medivac x2  
  126  21:36  SCV  
  126  21:39  SCV  
  136  21:42  Marauder x2, Ghost  
  136  21:43  Marauder  
  140  21:47  Liberator, Ghost  
  140  21:48  Marauder  
  140  21:51  SCV  
  140  21:53  Marine  
  149  21:58  Sensor Tower  
  149  22:03  Liberator, Ghost  
  149  22:04  Marauder x2  
  149  22:05  Liberator  
  149  22:06  Advanced Ballistics  
  161  22:08  Ghost  
  161  22:09  Orbital Command  
  161  22:10  Ghost  
  162  22:20  Liberator  
  162  22:22  Marauder, Marine x4  
  171  22:25  Marine  
  172  22:30  Liberator  
  175  22:46  Liberator  
  168  23:02  Marauder x2, Marine x4  
  168  23:03  Marauder x4  
  168  23:05  Viking  
  186  23:07  Refinery x2  
  186  23:20  Marine x4  
  186  23:24  Marauder x4  
  194  23:29  Marauder  
  163  23:35  Marauder  
  163  23:37  Liberator x2  
  156  24:10  Liberator x2  
  156  24:12  Marauder x2, Marine x2  
  156  24:13  Marauder x2, Marine x2  
  174  24:25  Marauder x2  
  174  24:30  Marine  
  168  24:46  Marauder  
Tags
 
Add a new tag
Caveats
  • Supply blocks, unpowered buildings, or Contaminate may cause inaccurate times.
  • Supply counts are checked every 10 seconds.